 Dungeon Crawl Stone Soup version 0.29.1-1-gd02db6906a (webtiles) character file.

Game seed: 822327230413464255

134 raph the Conjurer (level 4, 0/33 HPs)
             Began as a Draconian Conjurer on Oct 13, 2022.
             Slain by Crazy Yiuf
             ... wielding a +2 quarterstaff of chaos
              (14 damage)
             ... on level 2 of the Dungeon.
             The game lasted 00:03:51 (3052 turns).

raph the Conjurer (Draconian Conjurer)              Turns: 3052, Time: 00:03:52

Health: 0/33       AC:  5    Str: 10    XL:     4   Next: 95%
Magic:  0/8        EV: 12    Int: 20    God:
Gold:   63         SH:  0    Dex:  9    Spells: 2/8 levels left

rFire   . . .      SeeInvis .   b - +0 short sword (speed)
rCold   . . .      Faith    .   (no shield)
rNeg    . . .      Spirit   .   (body armour unavailable)
rPois   .          Reflect  .   (helmet restricted)
rElec   .          Harm     .   (no cloak)
rCorr   .          Rampage  .   (no gloves)
Will    .....                   (no boots)
Stlth   ++........              (no amulet)
HPRegen 0.11/turn               (no ring)
MPRegen 0.11/turn               (no ring)

@: no status effects
A: AC +5, unfitting armour, cold-blooded
a: no special abilities


You were on level 2 of the Dungeon.
You visited 1 branch of the dungeon, and saw 2 of its levels.

You collected 115 gold pieces.
You spent 52 gold pieces at shops.

Inventory:

Hand Weapons
 b - a +0 short sword of speed (weapon)
 g - the +0 sling "Bupuoxis" {vorpal, rF++}
   (You took it off a gnoll on level 2 of the Dungeon)

   Any ammunition fired from it inflicts extra damage upon your enemies.
   rF:        It greatly protects you from fire.
Missiles
 d - 4 poisoned darts
 h - a throwing net
Scrolls
 c - 2 scrolls of identify
 f - a scroll of magic mapping {unknown}
 i - a scroll of fear {unknown}
Potions
 a - a potion of magic
 e - 3 potions of curing


   Skills:
 + Level 2.6 Dodging
 + Level 2.7 Stealth
 + Level 2.7 Spellcasting
 * Level 5.0 Conjurations


You had 2 spell levels left.
You knew the following spells:

 Your Spells              Type           Power      Damage    Failure   Level
a - Magic Dart            Conj           92%        1d7       1%          1
b - Searing Ray           Conj           46%        2d6       2%          2
c - Dazzling Flash        Conj/Hex       24%        N/A       16%         3

Your spell library contained the following spells:

 Spells                   Type           Power      Damage    Failure   Level
 Fulminant Prism          Conj/Hex       6%         3d7       45%         4
 Iskenderun's Mystic Bla  Conj/Tloc      12%        2d5       45%         4


Dungeon Overview and Level Annotations

Branches:
Dungeon (2/15)

Altars:

Shops:
D:1 (=?

Annotations:
D:2 Crazy Yiuf


Innate Abilities, Weirdness & Mutations

Your plain brown scales are hard. (AC +5)
You cannot fit into any form of body armour.
You are cold-blooded and may be slowed by cold attacks.


Message History

The searing ray hits the bat.
You kill the bat! (Press . to maintain the ray.)
Found 4 stones.
Found a hammer.
Found a runed translucent door.
Crazy Yiuf screams, "Ten!
Rifle unthinkable bag."
You open the door.
Crazy Yiuf says, "Ghoul disdain unthinkable!"
Casting: Searing Ray (safe; 2% risk of failure)
Confirm with . or Enter, or press ? or * to list all spells.
Aiming: Searing Ray (safe; 2% risk of failure)
Press: ? - help, Shift-Dir - straight line, f - Crazy Yiuf
Aim: Crazy Yiuf, wielding a +2 quarterstaff of chaos and wearing a +0 cloak (81% to hit)
The searing ray misses Crazy Yiuf. (Press . to maintain the ray.) Crazy Yiuf barely misses you.
The searing ray misses Crazy Yiuf.
Crazy Yiuf barely misses you.
The searing ray hits Crazy Yiuf!
Crazy Yiuf is heavily wounded.
Crazy Yiuf hits you with a +2 quarterstaff of chaos.
Crazy Yiuf burns you.
The searing ray hits Crazy Yiuf.
Crazy Yiuf is heavily wounded.
You finish channelling your searing ray.
Crazy Yiuf screams, "Adder song canine!"
Crazy Yiuf hits you with a +2 quarterstaff of chaos!
Crazy Yiuf freezes you.
Casting: Searing Ray (safe; 2% risk of failure)
Confirm with . or Enter, or press ? or * to list all spells.
Aiming: Searing Ray (safe; 2% risk of failure)
Press: ? - help, Shift-Dir - straight line, f/p - Crazy Yiuf
Aim: Crazy Yiuf, wielding a +2 quarterstaff of chaos and wearing a +0 cloak (heavily wounded, 81% to hit)
The searing ray hits Crazy Yiuf but does no damage.
Crazy Yiuf is heavily wounded. (Press . to maintain the ray.) Crazy Yiuf barely misses you.
The searing ray hits Crazy Yiuf.
Crazy Yiuf is severely wounded.
Crazy Yiuf hits you with a +2 quarterstaff of chaos!
You die...

#...+...).........##..#......#...
#...######............+..........
##### #......#.#####...####...
#### ########## ##### ##.. ...#
##. ...# ###♣♣♣♣♣ ##
...#####.#P.♣.♣♣♣ ###
.............♣..♣#...#
...###....P.♣♣♣♣@g...# ...#
##..#P♣♣ ♣♣#..)# ..## ####♣♣ ###
#### .(# .... ..# ..## ### #


You could see Crazy Yiuf.

Vanquished Creatures
  Jessica (D:2)
  4 gnolls (D:2)
  An adder (D:2)
  A worm (D:2)
  2 dart slugs (D:2)
  9 endoplasms
  3 giant cockroaches
  6 goblins
  5 hobgoblins
  2 jackals (D:2)
  2 quokkas (D:1)
  2 ball pythons (D:1)
  3 bats
  3 frilled lizards
  4 kobolds
  3 rats (D:2)
51 creatures vanquished.

Notes
Turn   | Place    | Note
-------+----------+-------------------------------------------
     0 | D:1      | raph the Draconian Conjurer began the quest for the Orb.
     0 | D:1      | Reached XP level 1. HP: 14/14 MP: 3/3
    88 | D:1      | Found Atias's Weapon Shop.
   305 | D:1      | Reached XP level 2. HP: 20/20 MP: 5/5
   308 | D:1      | Learned a level 2 spell: Searing Ray
  1078 | D:1      | Reached XP level 3. HP: 26/26 MP: 3/6
  1082 | D:1      | Learned a level 3 spell: Dazzling Flash
  1198 | D:1      | Found Jukiesiv's Magic Scroll Boutique.
  1201 | D:1      | Bought a scroll of identify for 26 gold pieces
  1201 | D:1      | Bought a scroll of identify for 26 gold pieces
  1344 | D:1      | Found Gysetufo's Jewellery Shoppe.
  1745 | D:1      | Found a faded altar of an unknown god.
  2129 | D:2      | Noticed Jessica
  2133 | D:2      | Killed Jessica
  2134 | D:2      | Reached XP level 4. HP: 33/33 MP: 3/7
  2320 | D:2      | Identified the +0 sling "Bupuoxis" {vorpal, rF++}
  2632 | D:2      | Reached skill level 5 in Conjurations
  3042 | D:2      | Found a runed translucent door.
  3043 | D:2      | Noticed Crazy Yiuf
  3052 | D:2      | Slain by Crazy Yiuf

Illustrated notes

Levels and vault maps discovered:
D:1:      roderic_octagonal_star, layout_basic, serial_shops,
          nicolae_shop_stone, nicolae_shop_advertising_works
          [nicolae_subvault_shop_adworks], nicolae_shop_behind_doors,
          shapermc_ecumenical_altar_mp_urbaneastern
D:2:      layout_basic, uniq_crazy_yiuf_cottage, uniq_jessica

Skill      XL: |  1  2  3  4 |
---------------+-------------+-----
Stealth        | 2 |  2.7
Dodging        | 2 |  2.6
Conjurations   | 5 |  5.0
Spellcasting   | |  2.7

Action                   |  1- 3 |  4- 6 || total
-------------------------+-------+-------++-------
Melee: Short sword       |    48 |     8 ||    56
       Tailslap          |     5 |     2 ||     7
       Unarmed           |     2 |       ||     2
 Cast: Magic Dart        |    16 |     9 ||    25
       Searing Ray       |    16 |    13 ||    29
  Use: Scroll            |     3 |       ||     3
 Stab: Sleeping          |     2 |       ||     2
Armor: Skin              |    13 |     3 ||    16
Dodge: Dodged            |    25 |    15 ||    40
